 Dungeon Crawl Stone Soup version 0.19-a0-1401-g902f63d (webtiles) character file.

10362 st0uf the Thaumaturge (level 11, -2/62 HPs)
             Began as a Gargoyle Earth Elementalist on Sept 4, 2016.
             Was a Priest of Vehumet.
             Slain by a minotaur
             ... wielding a +0 eveningstar
              (14 damage)
             ... in a labyrinth.
             The game lasted 01:14:42 (15016 turns).

st0uf the Thaumaturge (GrEE)                       Turns: 15016, Time: 01:14:43

Health: -2/62      AC: 17    Str: 13    XL:     11   Next: 60%
Magic:  4/39       EV: 13    Int: 18    God:    Vehumet [***...]
Gold:   228        SH:  0    Dex: 10    Spells: 4 memorised, 16 levels left

rFire  + + .     SeeInvis .     S - staff of power
rCold  . . .     Gourm    .     U - +2 robe {MR+}
rNeg   + . .     Faith    .     (no shield)
rPois  ∞         Spirit   .     L - +1 helmet
rElec  +         Dismiss  .     W - +2 cloak {rPois}
rCorr  .         Reflect  .     (no gloves)
MR     +....     Harm     .     (no boots)
Stlth  ++........               (no amulet)
                                p - ring of protection from fire
                                f - ring of protection from fire

@: very slightly contaminated
A: negative energy resistance 1, electricity resistance, unbreathing,
petrification resistance, rot immunity, AC +7
a: Renounce Religion


You were in a labyrinth.
You worshipped Vehumet.
Vehumet was most pleased with you.
You were very hungry.

You visited 3 branches of the dungeon, and saw 12 of its levels.
You also visited: Labyrinth and Sewer.

You collected 679 gold pieces.
You spent 451 gold pieces at shops.

Inventory:

Missiles
 b - 289 stones (quivered)
Armour
 c - a +0 robe
 L - a +1 helmet (worn)
 U - a +2 robe of magic resistance (worn)
 V - the +5 shield "Jiadirez" {rCorr Int+2 Dex+2}
   (You bought it in a shop on level 8 of the Dungeon)

   It affects your intelligence (+2).
   It affects your dexterity (+2).
   It protects you from acid and corrosion.
 W - a +2 cloak of poison resistance (worn)
Magical Staves
 J - an uncursed staff of wizardry
 S - an uncursed staff of power (weapon)
Rods
 D - a +0 iron rod (12/12)
   (You found it on level 5 of the Dungeon)
Jewellery
 f - a ring of protection from fire (left hand)
 i - an uncursed ring of flight
 p - a ring of protection from fire (right hand)
 I - an uncursed ring of fire
Wands
 x - a wand of heal wounds (4/9)
 F - a wand of flame (35/48)
 G - a wand of iceblast (9/15)
 O - a wand of flame (16/48)
 X - a wand of random effects (14/48)
Scrolls
 a - a scroll of teleportation
 k - 2 scrolls of identify
 l - 5 scrolls of remove curse
 m - a scroll of fear {unknown}
 n - a scroll of amnesia
 q - a scroll of enchant armour
 t - a scroll of enchant weapon {unknown}
 y - 2 scrolls of blinking {unknown}
Potions
 h - 2 potions of agility
 o - 4 potions of brilliance
 v - a potion of cure mutation {unknown}
 z - a potion of degeneration {unknown}
 C - 5 potions of heal wounds
 E - 2 potions of flight
 H - 2 potions of magic
 K - 3 potions of curing {unknown}
 M - 4 potions of might
 N - a potion of haste {unknown}
 P - a potion of mutation {unknown}
 Q - a potion of lignification {unknown}
Books
 e - a book of Geomancy

   Spells                             Type                      Level
   a - Sandblast                      Earth                        1
   b - Passwall                       Transmutation/Earth          2
   c - Stone Arrow                    Conjuration/Earth            3
   d - Petrify                        Transmutation/Earth          4
   e - Lee's Rapid Deconstruction     Earth                        5
 s - a book of Battle

   Spells                             Type                      Level
   a - Infusion                       Charms                       1
   b - Shroud of Golubria             Charms/Translocation         2
   c - Song of Slaying                Charms                       2
   d - Spectral Weapon                Hexes/Charms                 3
   e - Regeneration                   Charms/Necromancy            3
 u - a book of Spatial Translocations

   Spells                             Type                      Level
   a - Apportation                    Translocation                1
   b - Blink                          Translocation                2
   c - Shroud of Golubria             Charms/Translocation         2
   d - Portal Projectile              Translocation                3
   e - Teleport Other                 Translocation                3
   f - Passage of Golubria            Translocation                4
 w - a book of Alchemy

   Spells                             Type                      Level
   a - Sublimation of Blood           Necromancy                   2
   b - Ignite Poison                  Fire/Transmutation/Poison    3
   c - Petrify                        Transmutation/Earth          4
   d - Alistair's Intoxication        Transmutation/Poison         5
   e - Irradiate                      Conjuration/Transmutation    5
 Y - a book of Changes

   Spells                             Type                      Level
   a - Beastly Appendage              Transmutation                1
   b - Sticks to Snakes               Transmutation                2
   c - Spider Form                    Transmutation/Poison         3
   d - Ice Form                       Ice/Transmutation            4
   e - Blade Hands                    Transmutation                5
Miscellaneous
 A - a disc of storms
Comestibles
 d - 3 bread rations
 g - 5 meat rations
 r - a slice of pizza
 B - 6 fruits
 R - 9 royal jellies
 T - 7 beef jerkies
 Z - 9 chunks of flesh


   Skills:
 + Level 4.8 Fighting
   Level 2.4(3.5) Maces & Flails
 + Level 3.9(4.2) Staves
 + Level 4.9 Armour
 + Level 3.9 Dodging
 - Level 2.1 Stealth
 + Level 4.1 Shields
 * Level 9.5 Spellcasting
 + Level 7.4 Conjurations
 - Level 0.7 Transmutations
 + Level 9.1 Earth Magic
 + Level 4.4 Evocations


You had 16 spell levels left.
You knew the following spells:

 Your Spells              Type           Power        Failure   Level  Hunger
a - Sandblast             Erth           #####.       1%          1    None
b - Stone Arrow           Conj/Erth      #####.       1%          3    None
c - Lee's Rapid Deconstr  Erth           #####.....   1%          5    #####..
d - Petrify               Tmut/Erth      ####....     14%         4    ###....


Dungeon Overview and Level Annotations

Branches:
Dungeon (10/15)            Temple (1/1) D:7            Lair (1/6) D:10
    Orc: D:9-12

Altars:
Ashenzari
Cheibriados
Dithmenos
Elyvilon
Fedhas
Gozag
Hepliaklqana
Kikubaaqudgha
Makhleb
Nemelex Xobeh
Okawaru
Qazlal
Ru
Sif Muna
Trog
Uskayaw
Vehumet
Xom
Yredelemnul
Zin
The Shining One

Shops:
D:8 [   D:9 ?

Annotations:
D:4 2 runed doors
Lair:1 exclusion: 3 oklob plants


Innate Abilities, Weirdness & Mutations

You are resistant to torment.
Your stone body is resilient. (AC +7)
You are immune to poison.
You resist negative energy. (rN+)
You are resistant to electric shocks. (rElec)
You can survive without breathing.
You are immune to petrification.
You are immune to rotting.


Message History

You feel much better. The minotaur closely misses you. The minotaur gores you.
Casting: Stone Arrow
Confirm with . or Enter, or press ? or * to list all spells.
Aiming: Stone Arrow
Press: ? - help, Shift-Dir - straight line, f/p - minotaur
Aim: a minotaur, wielding an eveningstar, wearing a plate armour, wearing a shield and wearing a tubular opal ring (heavily wounded, unusually agile)
The minotaur blocks the stone arrow.
The minotaur hits you with an eveningstar!!
The minotaur gores you but does no damage.
Casting: Stone Arrow
Confirm with . or Enter, or press ? or * to list all spells.
Aiming: Stone Arrow
Press: ? - help, Shift-Dir - straight line, f/p - minotaur
Aim: a minotaur, wielding an eveningstar, wearing a plate armour, wearing a shield and wearing a tubular opal ring (heavily wounded, unusually agile)
The stone arrow hits the minotaur.
The minotaur is heavily wounded.
The minotaur hits you with an eveningstar!!
* * * LOW HITPOINT WARNING * * *
The minotaur gores you!
You die...

. . . # # . .
.# . #.# . .
#.. # # # .
#.# ## #. ##
###.### # #
#.# .
...#@....# #.#
###....H..###
#...
...#.##.##...#
# #. ##. . ..
#..## .. . #
#.#.. #...# ##
# # #. .#8.
#.### # .#).
#. ...# ##
#.#8. #. # ##
# . .. #}. #
..#


You could see a minotaur.

Vanquished Creatures
  Erolcha (D:9)
  2 hill giants (D:10)
  A two-headed ogre (D:9)
  3 trolls (D:9)
  A meliai zombie (D:9)
  10 yaks
  A wyvern (D:10)
  A basilisk (D:10)
  A hungry ghost (D:9)
  Edmund (D:5)
  A soldier ant (D:9)
  2 porcupines (D:10)
  2 ice beasts
  A sky beast (D:10)
  A black bear (D:7)
  An eye of draining (D:9)
  6 ogres
  A wasp (D:9)
  3 phantoms
  2 necrophages
  7 centaurs
  5 crocodiles
  3 big kobolds
  6 giant frogs
  3 scorpions
  6 killer bees (D:10)
  The ghost of 4thArraOfDagon the Slasher, a weakling DgGl (D:3)
  3 wights (D:10)
  3 jellies
  5 howler monkeys
  6 crimson imps
  A centaur zombie (D:9)
  7 hounds
  A giant frog skeleton (D:7)
  2 orc priests
  8 orc wizards
  4 iguanas
  12 worker ants
  A hound zombie (D:7)
  A howler monkey zombie (D:10)
  2 worker ant zombies
  19 adders
  7 river rats
  A shadow imp (D:6)
  5 oozes
  An adder skeleton (D:7)
  A worm (D:3)
  A dart slug (D:3)
  6 giant geckos
  25 orcs
  8 giant cockroaches
  17 goblins
  6 hobgoblins
  10 jackals
  A quokka (D:7)
  3 ball pythons
  6 bats
  A giant gecko skeleton (D:4)
  2 giant gecko zombies
  4 giant newts
  32 kobolds
  A quokka skeleton (D:7)
  9 rats
295 creatures vanquished.

Vanquished Creatures (others)
  2 fungi (D:10)
  5 plants (D:10)
7 creatures vanquished.

Grand Total: 302 creatures vanquished

Notes
Turn   | Place    | Note
-------+----------+-------------------------------------------
     0 | D:1      | st0uf the Gargoyle Earth Elementalist began the quest for the Orb.
     0 | D:1      | Reached XP level 1. HP: 10/10 MP: 3/3
    70 | D:1      | Reached XP level 2. HP: 12/15 MP: 1/5
   761 | D:1      | Reached XP level 3. HP: 16/19 MP: 5/7
   766 | D:1      | Learned a level 3 spell: Stone Arrow
  1063 | D:2      | Found a glowing silver altar of Zin.
  1893 | D:3      | Reached skill level 1 in Conjurations
  1893 | D:3      | Reached XP level 4. HP: 16/24 MP: 8/8
  2099 | D:3      | Noticed 4thArraOfDagon's ghost (weakling DgGl)
  2388 | D:2      | Reached XP level 5. HP: 11/28 MP: 5/10
  2934 | D:3      | Found a burning altar of Makhleb.
  2934 | D:3      | Found a snail-covered altar of Cheibriados.
  3489 | D:3      | Killed 4thArraOfDagon's ghost
  3883 | D:3      | Reached skill level 5 in Earth Magic
  3883 | D:3      | Reached XP level 6. HP: 28/32 MP: 7/12
  4308 | D:4      | Found a large runed door.
  4309 | D:4      | Found a large runed door.
  4501 | D:4      | Got a clouded granite ring
  4541 | D:4      | Found a large runed door.
  4541 | D:4      | Found a large runed door.
  4608 | D:4      | Reached skill level 5 in Spellcasting
  4608 | D:4      | Reached XP level 7. HP: 36/36 MP: 7/14
  4913 | D:4      | Got a pitted leather armour
  5271 | D:4      | Found a hide-covered altar of Uskayaw.
  5718 | D:4      | Identified the +0 leather armour of the Gastropod {rPois Int+4} (You found it on level 4 of the Dungeon)
  5719 | D:4      | Identified the ring "Viuwuyt" {rN+ Str-4 Dex+2 Stlth+} (You found it on level 4 of the Dungeon)
  5720 | D:4      | Noticed a yak
  5792 | D:4      | Killed a yak
  6216 | D:5      | Entered Level 5 of the Dungeon
  6361 | D:5      | Reached XP level 8. HP: 18/41 MP: 8/17
  6828 | D:5      | Found a glowing golden altar of the Shining One.
  6828 | D:5      | Found a stormy altar of Qazlal.
  6829 | D:5      | Found a shimmering altar of Xom.
  7274 | D:6      | Noticed Edmund
  7562 | D:5      | Killed Edmund
  7562 | D:5      | Reached skill level 5 in Conjurations
  7661 | D:6      | Found a glowing drain.
  7745 | Sewer    | Entered a sewer
  8224 | D:6      | Reached XP level 9. HP: 46/46 MP: 16/20
  8231 | D:6      | Reached skill level 1 in Maces & Flails
  8379 | D:6      | Reached skill level 1 in Fighting
  8379 | D:6      | Reached skill level 1 in Armour
  8605 | D:6      | Found a sparkling altar of Nemelex Xobeh.
  8869 | D:7      | Reached skill level 1 in Evocations
  9257 | D:7      | Found a staircase to the Ecumenical Temple.
  9266 | Temple   | Entered the Ecumenical Temple
  9297 | Temple   | Became a worshipper of Vehumet
 10402 | D:8      | Learned a level 5 spell: Lee's Rapid Deconstruction
 10443 | D:8      | Reached * piety under Vehumet
 10443 | D:8      | Offered knowledge of Freeze by Vehumet.
 10588 | D:8      | Found Zeeqaxt's Antique Armour Shop.
 10596 | D:8      | Bought a glowing robe for 20 gold pieces
 10596 | D:8      | Bought a spiked shield for 275 gold pieces
 10596 | D:8      | Bought a runed cloak for 130 gold pieces
 10611 | D:8      | Identified the +5 shield "Jiadirez" {rCorr Int+2 Dex+2} (You bought it in a shop on level 8 of the Dungeon)
 10912 | D:9      | Found a stormy altar of Qazlal.
 10912 | D:9      | Noticed a troll
 10915 | D:9      | Killed a troll
 10915 | D:9      | Reached skill level 1 in Staves
 11100 | D:9      | Found a shattered altar of Ashenzari.
 11114 | D:9      | Found Bequyn's Magic Scroll Shoppe.
 11119 | D:9      | Bought a scroll of identify for 26 gold pieces
 11126 | D:9      | Reached skill level 1 in Shields
 11128 | D:9      | Reached XP level 10. HP: 45/54 MP: 18/22
 11490 | D:9      | Noticed Erolcha
 11893 | D:9      | Reached ** piety under Vehumet
 11893 | D:9      | Offered knowledge of Searing Ray by Vehumet.
 12302 | D:9      | Killed Erolcha
 12755 | D:10     | Entered Level 10 of the Dungeon
 13069 | D:10     | Reached XP level 11. HP: 60/60 MP: 24/24
 13516 | D:10     | Found a staircase to the Lair.
 13579 | D:10     | Noticed a hill giant
 13900 | D:9      | Offered knowledge of Inner Flame by Vehumet.
 14040 | D:10     | Noticed a hill giant
 14056 | D:10     | Killed a hill giant
 14204 | D:10     | Killed a hill giant
 14600 | D:10     | Reached *** piety under Vehumet
 14779 | Lair:1   | Entered Level 1 of the Lair of Beasts
 14783 | Lair:1   | Noticed an oklob plant
 14783 | Lair:1   | Noticed an oklob plant
 14789 | Lair:1   | Noticed an oklob plant
 14849 | Lair:1   | Found a labyrinth entrance.
 14863 | Lab      | Entered a labyrinth
 15000 | Lab      | Learned a level 4 spell: Petrify
 15000 | Lab      | Noticed a minotaur
 15011 | Lab      | HP: 1/62 [minotaur/eveningstar (3)]
 15016 | Lab      | Slain by a minotaur

Vault maps used:
D:1:      dpeg_arrival_refuge
D:2:      nicolae_overflow_crystal_walls
D:3:      minmay_wonky_spiral, gammafunk_temple_overflow_statue
D:4:      marbit_many_paths, first_bread, minmay_hollow_rounded_squares
D:5:      gammafunk_temple_overflow_claw
D:6:      nemelex_xobeh_ov_fountains_minmay, portal_sewer_entry_a, uniq_edmund
D:7:      kennysheep_opposing_triangles
D:8:      serial_shops, shop
D:9:      lemuel_crystal_altar, basic_altar, serial_shops, shop,
          hangedman_pestilent_swarm, uniq_erolcha
D:10:     minmay_lair_entry_grove, kennysheep_generic_room_7
Temple:   minmay_temple_bridge_abc
Lair:1:   lab_entry_generic, disabler_island, lemuel_fruit_fields
Lab:      nicolae_lab_dead_adventurers, nicolae_lab_grate_2,
          nicolae_lab_quarters
Sewer:    kennysheep_pipe_town

Skill      XL: |  1  2  3  4  5  6  7  8  9 10 11 |
---------------+----------------------------------+-----
Earth Magic    | 4 5 6 7 8 9 |  9.1
Spellcasting   | 3 4 5 6 7 8 9 |  9.5
Conjurations   | 1 2 3 4 5 6 7 |  7.4
Maces & Flails | 2 |  2.4
Fighting       | 2 3 4 |  4.8
Armour         | 2 4 |  4.9
Evocations     | 2 3 4 |  4.4
Dodging        | 2 3 |  3.9
Staves         | 1 3 |  3.9
Shields        | 1 3 4 |  4.1
Stealth        | |  2.1
Transmutations | |  0.7

Action                   |  1- 3 |  4- 6 |  7- 9 | 10-12 || total
-------------------------+-------+-------+-------+-------++-------
Melee: Mace              |    42 |    74 |    38 |       ||   154
       Flail             |       |       |    54 |       ||    54
       Staff             |       |       |     1 |    23 ||    24
 Cast: Sandblast         |    49 |    83 |    95 |    17 ||   244
       Stone Arrow       |       |    19 |   115 |   213 ||   347
       Lee's Rapid Decon |       |       |       |    10 ||    10
  Use: Scroll            |       |     1 |     5 |    11 ||    17
       Potion            |       |       |       |     4 ||     4
 Stab: Sleeping          |       |     1 |     1 |       ||     2
  Eat: Chunk             |     3 |    10 |    23 |    14 ||    50
Armor: Robe              |    25 |    54 |    79 |    53 ||   211
Dodge: Dodged            |    41 |    88 |   160 |    88 ||   377
